[Event "ICC tourney 1955 (60 10)"]
[Site "Internet Chess Club"]
[Date "2020.08.07"]
[Round "2"]
[White "smokyqueen"]
[Black "clair"]
[Result "1-0"]
[ICCResult "Black resigns"]
[WhiteElo "2012"]
[BlackElo "1717"]
[Opening "Robatsch defense: three pawns attack"]
[ECO "B06"]
[NIC "KF.05"]
[Time "15:38:25"]
[TimeControl "3600+10"]

1. e4 g6 2. d4 Bg7 3. f4 d5 4. e5 Nh6 5. Nf3 O-O 6. Bd3 c5 7. c3 cxd4 8.
cxd4 Nc6 9. Nc3 Bg4 10. Be2 Nf5 11. O-O e6 12. Bb5 Ncxd4 13. Be2 Nxe2+ 14.
Nxe2 Qb6+ 15. Kh1 Ne3 16. Bxe3 Qxe3 17. Rc1 Rac8 18. Qe1 Rxc1 19. Nxc1 Qxe1
20. Nxe1 Rc8 21. Nb3 Bf5 22. Rf2 h5 23. h3 f6 24. Re2 fxe5 25. fxe5 Rc4 26.
Nf3 Kf7 27. Kh2 Re4 28. Ng5+ Ke7 29. Nxe4 Bxe4 30. Nc5 Bxe5+ 31. Kh1 Kd6 32.
Nxe4+ dxe4 33. Rxe4 Bxb2 34. Rb4 Ba3 35. Rxb7 Bc5 36. Rg7 h4 37. Rxg6 Bf2
38. Rf6 Bg3 39. Rf7 Bf2 40. Rxf2 Kd5 41. Rf7 e5 42. Rxa7 Kd4 43. Rh7 e4 44.
Rxh4 Kd3 45. Rxe4 Kxe4 46. a4 {Black resigns} 1-0

[Event "ICC tourney 1955 (60 10)"]
[Site "Internet Chess Club"]
[Date "2020.08.07"]
[Round "2"]
[White "ShadowApt"]
[Black "BirchRun"]
[Result "1-0"]
[ICCResult "Black resigns"]
[WhiteElo "2115"]
[BlackElo "1881"]
[Opening "Caro-Kann: Tartakower (Nimzovich) variation"]
[ECO "B15"]
[NIC "CK.06"]
[Time "15:38:05"]
[TimeControl "3600+10"]

1. e4 c6 2. d4 d5 3. Nd2 dxe4 4. Nxe4 Nf6 5. Nxf6+ exf6 6. c3 Bd6 7. Bd3 O-O
8. Qc2 Re8+ 9. Ne2 h5 10. Be3 Qc7 11. O-O-O Be6 12. Kb1 Nd7 13. Ng3 h4 14.
Nf5 Bxf5 15. Bxf5 Nf8 16. g3 b5 17. gxh4 Bf4 18. Qd2 Bxe3 19. fxe3 Qe7 20.
e4 g6 21. Rhg1 Kg7 22. h5 Kh7 23. hxg6+ fxg6 24. Qg2 Qf7 25. Rd3 Kg7 26.
Bxg6 Nxg6 27. Rg3 Rh8 28. Rxg6+ Kf8 29. Rf1 {Black resigns} 1-0

[Event "ICC tourney 1955 (60 10)"]
[Site "Internet Chess Club"]
[Date "2020.08.07"]
[Round "2"]
[White "chesslead"]
[Black "pbalaji2008"]
[Result "1-0"]
[ICCResult "Black checkmated"]
[WhiteElo "1992"]
[BlackElo "1671"]
[Opening "Petrov: classical attack"]
[ECO "C42"]
[NIC "RG.04"]
[Time "15:37:18"]
[TimeControl "3600+10"]

1. e4 e5 2. Nf3 Nf6 3. Nxe5 d6 4. Nf3 Nxe4 5. d4 d5 6. Bd3 Nd6 7. O-O Be7 8.
Bf4 O-O 9. c3 c6 10. Re1 Bg4 11. h3 Bh5 12. Nbd2 Bg6 13. Ne5 Bxd3 14. Nxd3
Na6 15. Ne5 Bf6 16. Qg4 Kh8 17. Nf1 Bxe5 18. Bxe5 f6 19. Bxd6 Qxd6 20. Ng3
g6 21. Re6 Qc7 22. Rae1 Rf7 23. h4 Qd7 24. Qf4 Qc7 25. Qg4 Qd7 26. Qf4 Qc7
27. Re8+ Rxe8 28. Rxe8+ Kg7 29. Qg4 Qd7 30. Qxd7 Rxd7 31. Ra8 b6 32. b4 Rf7
33. a4 h6 34. h5 f5 35. hxg6 Kxg6 36. f4 Rg7 37. Kf2 Rf7 38. Kf3 Rh7 39. Nf1
h5 40. Ne3 h4 41. Rg8+ Kf7 42. Rg5 h3 43. Rxf5+ Ke6 44. Re5+ Kd7 45. gxh3
Rxh3+ 46. Kg2 Rh7 47. f5 Rg7+ 48. Kf3 Rf7 49. Kg4 Rf8 50. Kh5 b5 51. axb5
Nc7 52. bxc6+ Kxc6 53. Kg6 Ne8 54. Rxd5 Rf6+ 55. Kg5 Rf8 56. Rc5+ Kb6 57.
Ng4 Nd6 58. Kf4 Nb5 59. f6 Nd6 60. Ke5 Nb7 61. Rd5 Kc6 62. b5+ Kb6 63. Ke6
a5 64. bxa6 Kxa6 65. Ke7 Rc8 66. f7 Rc7+ 67. Rd7 Rxd7+ 68. Kxd7 Nc5+ 69.
dxc5 Kb7 70. f8=Q Ka7 71. Kc6 Ka6 72. Qa8# {Black checkmated} 1-0

[Event "ICC tourney 1955 (60 10)"]
[Site "Internet Chess Club"]
[Date "2020.08.07"]
[Round "2"]
[White "Baseballchamp"]
[Black "mathewjiang"]
[Result "1-0"]
[ICCResult "Black resigns"]
[WhiteElo "2100"]
[BlackElo "1815"]
[Opening "Scandinavian (center counter) defense"]
[ECO "B01"]
[NIC "SD.01"]
[Time "15:38:26"]
[TimeControl "3600+10"]

1. e4 d5 2. exd5 Qxd5 3. Nc3 Qa5 4. d4 c6 5. Bc4 Nf6 6. Ne2 Bf5 7. O-O e6 8.
Ng3 Bg6 9. f4 Be7 10. f5 exf5 11. Qe2 Qd8 12. Re1 O-O 13. Bd3 Qxd4+ 14. Kh1
Bd6 15. Nxf5 Bxf5 16. Bxf5 Qh4 17. g3 Bxg3 18. Rg1 Bc7 19. Bg5 Qd4 20. Rad1
Qe5 21. Bxf6 Qxf6 22. Rdf1 Qh6 23. Rf3 g6 24. Ne4 Qg7 25. Nf6+ Qxf6 26. Bxg6
Qxf3+ 27. Qxf3 fxg6 28. Qb3+ Rf7 29. Qxb7 Bxh2 30. Qxa8 Bxg1 31. Qxb8+ Rf8
32. Qb3+ Kg7 33. Kxg1 {Black resigns} 1-0

[Event "ICC tourney 1955 (60 10)"]
[Site "Internet Chess Club"]
[Date "2020.08.07"]
[Round "2"]
[White "AlexEmmons"]
[Black "AHSRULES"]
[Result "0-1"]
[ICCResult "White resigns"]
[WhiteElo "1927"]
[BlackElo "1867"]
[Opening "Sicilian: Najdorf, 7...Be7 main line"]
[ECO "B99"]
[NIC "SI.09"]
[Time "15:38:17"]
[TimeControl "3600+10"]

1. e4 c5 2. Nf3 d6 3. d4 cxd4 4. Nxd4 Nf6 5. Nc3 a6 6. Bg5 e6 7. f4 Be7 8.
Qf3 Qc7 9. O-O-O Nbd7 10. g4 b5 11. Bxf6 Nxf6 12. g5 Nd7 13. f5 Bxg5+ 14.
Kb1 Ne5 15. Qh5 Qe7 16. fxe6 g6 17. exf7+ Kxf7 18. Qe2 Bg4 19. Qf2+ Qf6 20.
Qxf6+ Bxf6 21. Be2 Bxe2 22. Ndxe2 Nc4 23. Nd4 Bxd4 24. Rxd4 Rac8 25. Rd3
Rhf8 26. h4 b4 27. Nd5 a5 28. h5 g5 29. h6 Ke6 30. c3 Rf2 31. cxb4 Nxb2 32.
Rb3 Nc4 33. b5 Nd2+ 34. Ka1 Nxb3+ 35. axb3 g4 36. b6 g3 37. b7 Rb8 38. Rg1
Rf3 {White resigns} 0-1

[Event "ICC tourney 1955 (60 10)"]
[Site "Internet Chess Club"]
[Date "2020.08.07"]
[Round "2"]
[White "aarushnaveen"]
[Black "Joshua1"]
[Result "1-0"]
[ICCResult "Black resigns"]
[WhiteElo "1712"]
[BlackElo "1846"]
[Opening "Sicilian: Kan, 5.Nc3"]
[ECO "B43"]
[NIC "SI.41"]
[Time "15:37:44"]
[TimeControl "3600+10"]

1. e4 c5 2. Nf3 e6 3. d4 cxd4 4. Nxd4 a6 5. Nc3 Qc7 6. Bd3 Nf6 7. O-O Nc6 8.
Nb3 d6 9. Be3 b5 10. a3 Bb7 11. f4 Be7 12. Qf3 Rd8 13. Qg3 O-O 14. Rae1 Rfe8
15. h3 Bf8 16. f5 exf5 17. Rxf5 Qe7 18. Ref1 Kh8 19. Bg5 Ne5 20. Rxf6 gxf6
21. Bxf6+ Qxf6 22. Rxf6 Bg7 23. Rf5 Nxd3 24. cxd3 Re7 25. Rh5 Re5 26. Qh4
Rxh5 27. Qxd8+ {Black resigns} 1-0

[Event "ICC tourney 1955 (60 10)"]
[Site "Internet Chess Club"]
[Date "2020.08.07"]
[Round "2"]
[White "tigertiger2019"]
[Black "natez"]
[Result "0-1"]
[ICCResult "White checkmated"]
[WhiteElo "1660"]
[BlackElo "1869"]
[Opening "Caro-Kann: exchange, Rubinstein variation"]
[ECO "B13"]
[NIC "CK.02"]
[Time "15:38:28"]
[TimeControl "3600+10"]

1. e4 c6 2. d4 d5 3. exd5 cxd5 4. Bd3 Nc6 5. c3 Nf6 6. Bf4 g6 7. h3 Bg7 8.
Nf3 O-O 9. O-O Bf5 10. Re1 Qb6 11. Bxf5 gxf5 12. Qc2 e6 13. Nbd2 Rac8 14.
Qd3 Ne4 15. Nb3 a5 16. Nfd2 Ne7 17. Nxe4 fxe4 18. Qg3 Nf5 19. Qh2 a4 20. Nc5
Qxb2 21. Rec1 Qa3 22. g4 Nh4 23. Qg3 Nf3+ 24. Kh1 e5 25. Bxe5 Bxe5 26. Qg2
Bg7 27. g5 Rxc5 28. dxc5 Qxc5 29. Rab1 Qc6 30. c4 d4 31. c5 Qd5 32. Rb6 d3
33. Rd6 Qxa2 34. c6 Qa3 35. Rb1 Qxd6 36. cxb7 d2 37. Qg3 d1=Q+ 38. Qg1 Qxg1+
39. Rxg1 Qh2# {White checkmated} 0-1

[Event "ICC tourney 1955 (60 10)"]
[Site "Internet Chess Club"]
[Date "2020.08.07"]
[Round "2"]
[White "Knightboy123"]
[Black "gz99754539"]
[Result "0-1"]
[ICCResult "White checkmated"]
[WhiteElo "1636"]
[BlackElo "1989"]
[Opening "Ruy Lopez: modern Steinitz defense"]
[ECO "C75"]
[NIC "RL.11"]
[Time "15:37:21"]
[TimeControl "3600+10"]

1. e4 e5 2. Nf3 Nc6 3. Bb5 a6 4. Ba4 d6 5. c3 Bd7 6. O-O g5 7. d4 g4 8. Ne1
h5 9. f3 Bh6 10. f4 exd4 11. cxd4 d5 12. e5 Nge7 13. Nc3 Bf5 14. Nc2 Qd7 15.
Ne3 O-O-O 16. Bxc6 Qxc6 17. Nxf5 Nxf5 18. Qd3 Qe6 19. Na4 Bf8 20. Bd2 Kb8
21. Rac1 h4 22. Ba5 Rc8 23. Rc3 h3 24. g3 Qd7 25. Nc5 Bxc5 26. Rxc5 b6 27.
Rc3 bxa5 28. Qxa6 Nxd4 29. Rd1 Qe6 30. Qxe6 Nxe6 31. Rb3+ Ka7 32. Rxd5 c5
33. Ra3 Rcd8 34. Rxa5+ Kb6 35. Rxd8 Rxd8 36. Ra4 Rd1+ 37. Kf2 Rd2+ 38. Kg1
Nd4 39. f5 Nf3+ 40. Kf1 Nxh2+ 41. Kg1 Nf3+ 42. Kf1 Nh2+ 43. Kg1 Rg2+ 44. Kh1
Nf3 45. Ra6+ Kxa6 46. e6 Rh2# {White checkmated} 0-1

[Event "ICC tourney 1955 (60 10)"]
[Site "Internet Chess Club"]
[Date "2020.08.07"]
[Round "2"]
[White "dabpacman"]
[Black "jairam09"]
[Result "0-1"]
[ICCResult "White resigns"]
[WhiteElo "1526"]
[BlackElo "1869"]
[Opening "Caro-Kann: Forgács variation"]
[ECO "B15"]
[NIC "CK.06"]
[Time "15:38:09"]
[TimeControl "3600+10"]

1. e4 c6 2. d4 d5 3. Nc3 dxe4 4. Nxe4 Nf6 5. Nxf6+ exf6 6. Bc4 Bd6 7. Qh5
O-O 8. Bd3 h6 9. Nf3 Re8+ 10. Kd1 Be6 11. Re1 Nd7 12. Bxh6 gxh6 13. Qxh6 f5
14. Ng5 Qf6 15. Qh7+ Kf8 16. Qh5 Ke7 17. Nh7 Qg6 18. Qxf5 Qxf5 19. Bxf5 Nf8
20. Bxe6 Nxe6 21. Ng5 Kf6 22. Nxe6 Rxe6 23. Rxe6+ Kxe6 24. Ke2 Rh8 25. h3
Rg8 26. g4 Kd5 27. c3 Rh8 28. Rh1 Be7 29. Ke3 c5 30. dxc5 Bxc5+ 31. Kf3 Ke6
32. Kg2 Rh6 33. Re1+ Kd7 34. Re5 Bd6 35. Rf5 Ke6 36. c4 Be5 37. b3 Rh8 38.
f4 Bc7 39. Kg3 Rd8 40. Rd5 Rxd5 41. cxd5+ Kxd5 42. g5 Ke4 43. Kg4 Bxf4 44.
h4 Be5 45. h5 Bh8 46. g6 fxg6 47. hxg6 Kd3 48. Kf5 Kc2 49. Ke6 Kb2 50. Kd7
Kxa2 51. b4 Kb3 52. Kc7 Kxb4 53. Kxb7 a5 {White resigns} 0-1

[Event "ICC tourney 1955 (60 10)"]
[Site "Internet Chess Club"]
[Date "2020.08.07"]
[Round "2"]
[White "asergeev"]
[Black "ocean112005"]
[Result "1-0"]
[ICCResult "Black resigns"]
[WhiteElo "1923"]
[BlackElo "1656"]
[Opening "Queen's pawn, Mason variation"]
[ECO "D00"]
[NIC "QP.08"]
[Time "15:38:16"]
[TimeControl "3600+10"]

1. d4 d5 2. Bf4 Nf6 3. e3 c5 4. dxc5 Nc6 5. Bb5 a6 6. Bxc6+ bxc6 7. b4 Bf5
8. c3 e6 9. Nf3 Ne4 10. Qa4 Qc8 11. Ne5 a5 12. Qxc6+ Qxc6 13. Nxc6 axb4 14.
cxb4 f6 15. f3 Ng5 16. Bxg5 fxg5 17. Nc3 g4 18. Kd2 gxf3 19. gxf3 Be7 20.
Nxe7 Kxe7 21. a4 Rhc8 22. Rhc1 Rab8 23. Nb5 e5 24. Nd6 g6 25. Nxc8+ Rxc8 26.
b5 e4 27. f4 h6 28. h4 Kf6 29. b6 g5 30. fxg5+ hxg5 31. hxg5+ Kxg5 32. b7
Rb8 33. c6 {Black resigns} 1-0

[Event "ICC tourney 1955 (60 10)"]
[Site "Internet Chess Club"]
[Date "2020.08.07"]
[Round "2"]
[White "Vish1080"]
[Black "blackmanrook"]
[Result "1/2-1/2"]
[ICCResult "Game drawn by repetition"]
[WhiteElo "1675"]
[BlackElo "1846"]
[Opening "Réti accepted"]
[ECO "A09"]
[NIC "RE.19"]
[Time "15:37:37"]
[TimeControl "3600+10"]

1. Nf3 d5 2. c4 dxc4 3. e4 Be6 4. Na3 Nf6 5. e5 Nfd7 6. Bxc4 Bxc4 7. Nxc4 e6
8. Qb3 Nc5 9. Qe3 Nd3+ 10. Ke2 Nxc1+ 11. Raxc1 Nc6 12. d4 Be7 13. Rhd1 O-O
14. Kf1 h6 15. Kg1 Nb4 16. a3 Nd5 17. Qe4 b5 18. Ne3 Nxe3 19. fxe3 Rc8 20.
Qc6 Qe8 21. Qb7 c5 22. Qxa7 c4 23. Nd2 Bg5 24. Re1 Qc6 25. Qa5 Rfd8 26. Nf3
Be7 27. Qc3 Qe4 28. Qc2 Qg4 29. h3 Qg3 30. Qf2 Qg6 31. e4 b4 32. axb4 Bxb4
33. Re2 Rd7 34. Nh4 Qg5 35. Rec2 Be7 36. Nf3 Qf4 37. Qd2 Qxe4 38. Rxc4 Rxc4
39. Rxc4 g6 40. Qxh6 Rd8 41. Qd2 Kg7 42. Rc7 Re8 43. Qc2 Qe3+ 44. Kh2 Qf4+
45. Kh1 g5 46. Qd2 Qg3 47. Nh2 Qb3 48. Ng4 Bd8 49. Rd7 Kg6 50. Nf6 Rh8 51.
Rxd8 Rxd8 52. Ne4 f6 53. exf6 Rd5 54. Nc5 Qc4 55. Nxe6 Kxf6 56. Nf8 Rxd4 57.
Qf2+ Rf4 58. Qb6+ Kf7 59. Ng6 Rf1+ 60. Kh2 Qd5 61. Qa7+ Kxg6 62. Qa6+ Rf6
63. Qe2 Qd6+ 64. Kh1 Qf4 65. Qd3+ Qf5 66. Qd8 Qb1+ 67. Kh2 Qxb2 68. Qg8+ Kf5
69. Qh7+ Ke5 70. Qe7+ Kf4 71. Qc7+ Qe5 72. g3+ Kf5 73. Qc8+ Ke4 74. Qc2+ Kd5
75. Qd3+ Qd4 76. Qb5+ Ke4 77. Qe2+ Qe3 78. Qc2+ Qd3 79. Qg2+ Rf3 80. Qa2 Qf1
81. Qe6+ Kd3 82. Qd5+ Ke2 83. Qc4+ Kf2 84. Qd4+ Re3 85. Qf6+ Ke1 86. Qa1+
Ke2 87. Qb2+ Kf3 88. Qf6+ Ke2 89. Qb2+ Ke1 90. Qa1+ Ke2 91. Qb2+ Kd1 92.
Qa1+ Ke2 93. Qb2+ Kf3 94. Qf6+ Ke2 95. Qb2+ {Game drawn by repetition}
1/2-1/2

[Event "ICC tourney 1955 (60 10)"]
[Site "Internet Chess Club"]
[Date "2020.08.07"]
[Round "2"]
[White "JackFromLost"]
[Black "Kausy"]
[Result "1-0"]
[ICCResult "Black checkmated"]
[WhiteElo "1932"]
[BlackElo "1715"]
[Opening "Queen's pawn, Mason variation"]
[ECO "D00"]
[NIC "QP.08"]
[Time "15:37:55"]
[TimeControl "3600+10"]

1. d4 d5 2. Bf4 c6 3. e3 Nf6 4. c3 Bf5 5. Bd3 Bxd3 6. Qxd3 e6 7. Nf3 Be7 8.
Nbd2 O-O 9. h3 Nbd7 10. O-O c5 11. Rfe1 cxd4 12. exd4 Rc8 13. Ne5 Nxe5 14.
Bxe5 Bd6 15. f4 Bxe5 16. fxe5 Nd7 17. Re3 Nb6 18. Rf1 Nc4 19. Nxc4 Rxc4 20.
Ref3 Rc7 21. Qe2 Qb8 22. h4 b5 23. h5 h6 24. Qd2 b4 25. Rg3 Kh8 26. Rf6 Qd8
27. Qxh6+ gxh6 28. Rxh6# {Black checkmated} 1-0

[Event "ICC tourney 1955 (60 10)"]
[Site "Internet Chess Club"]
[Date "2020.08.07"]
[Round "2"]
[White "joeandjoe56"]
[Black "kptl132"]
[Result "0-1"]
[ICCResult "White resigns"]
[WhiteElo "1811"]
[BlackElo "2050"]
[Opening "Sicilian: accelerated fianchetto, modern variation"]
[ECO "B34"]
[NIC "SI.33"]
[Time "15:38:25"]
[TimeControl "3600+10"]

1. e4 c5 2. Nf3 Nc6 3. d4 cxd4 4. Nxd4 g6 5. Nc3 Bg7 6. Be3 Nf6 7. Be2 O-O
8. Qd2 d5 9. Nxc6 bxc6 10. exd5 Nxd5 11. Nxd5 cxd5 12. c3 a5 13. Bf3 Rb8 14.
Bxd5 Ba6 15. Bb3 Qc7 16. f3 a4 17. Kf2 axb3 18. axb3 Rfd8 19. Qc1 Rd6 20. h4
h5 21. b4 Qc4 22. Qc2 Rbd8 23. Ra5 Rd2+ 24. Bxd2 Qe2+ 25. Kg3 Rxd2 26. Qxd2
Qxd2 27. Rxa6 Be5+ 28. Kh3 Qf4 {White resigns} 0-1

[Event "ICC tourney 1955 (60 10)"]
[Site "Internet Chess Club"]
[Date "2020.08.07"]
[Round "2"]
[White "KnightRyder3"]
[Black "Zwish"]
[Result "0-1"]
[ICCResult "White checkmated"]
[WhiteElo "1772"]
[BlackElo "1955"]
[Opening "Sicilian: Kan, 5.Nc3"]
[ECO "B43"]
[NIC "SI.41"]
[Time "15:38:26"]
[TimeControl "3600+10"]

1. e4 c5 2. Nf3 e6 3. d4 cxd4 4. Nxd4 a6 5. Nc3 Qc7 6. Be2 Bd6 7. h3 Nf6 8.
O-O Bf4 9. Bxf4 Qxf4 10. Bf3 Nc6 11. Nb3 O-O 12. Re1 Ne5 13. Be2 b5 14. a3
Bb7 15. g3 Qg5 16. Bf1 Qg6 17. Bg2 Nh5 18. Kh2 f5 19. exf5 Rxf5 20. Qd2 Bxg2
21. Kxg2 Nf4+ 22. Kf1 Nxh3 23. Rxe5 Rxf2+ 24. Ke1 Qxg3 25. Qe3 Qg1#
{White checkmated}
0-1

[Event "ICC tourney 1955 (60 10)"]
[Site "Internet Chess Club"]
[Date "2020.08.07"]
[Round "2"]
[White "aritroc"]
[Black "GutsyEdge"]
[Result "1-0"]
[ICCResult "Black checkmated"]
[WhiteElo "1981"]
[BlackElo "2062"]
[Opening "King's Indian defense"]
[ECO "E60"]
[NIC "KI.80"]
[Time "15:37:50"]
[TimeControl "3600+10"]

1. d4 Nf6 2. c4 g6 3. f3 c5 4. d5 d6 5. Nc3 Bg7 6. e4 O-O 7. Be3 Nbd7 8. Qd2
a6 9. a4 Qa5 10. Bh6 Nb6 11. h4 Bxh6 12. Qxh6 Qb4 13. h5 Qxb2 14. Rc1 Bd7
15. e5 dxe5 16. Ne4 Nxe4 17. fxe4 Qd4 18. Nf3 Qxe4+ 19. Be2 f6 20. Rh4 Qf5
21. Rd1 g5 22. Bd3 Qxd3 23. Rxd3 gxh4 24. Nxh4 Rf7 25. Rg3+ Kh8 26. Ng6+ Kg8
27. Nxe5+ Kh8 28. Nxf7# {Black checkmated} 1-0

[Event "ICC tourney 1955 (60 10)"]
[Site "Internet Chess Club"]
[Date "2020.08.07"]
[Round "2"]
[White "peekaboopenguin"]
[Black "checkninja"]
[Result "0-1"]
[ICCResult "White checkmated"]
[WhiteElo "1693"]
[BlackElo "1999"]
[Opening "Sicilian"]
[ECO "B50"]
[NIC "SI.01"]
[Time "15:37:10"]
[TimeControl "3600+10"]

1. e4 c5 2. Nf3 d6 3. c3 Nf6 4. Be2 Bd7 5. d3 e5 6. O-O Be7 7. Be3 Nc6 8.
Nbd2 O-O 9. d4 Ng4 10. h3 Nxe3 11. fxe3 Bg5 12. Nc4 cxd4 13. exd4 exd4 14.
cxd4 Bf4 15. d5 Ne5 16. Nd4 Qg5 17. Nf3 Qg3 18. Ncxe5 Bxh3 19. Ne1 Be3+ 20.
Kh1 Bxg2+ 21. Nxg2 Qh3# {White checkmated} 0-1

[Event "ICC tourney 1955 (60 10)"]
[Site "Internet Chess Club"]
[Date "2020.08.07"]
[Round "2"]
[White "pawnpush202044"]
[Black "aauman"]
[Result "1-0"]
[ICCResult "Black resigns"]
[WhiteElo "1868"]
[BlackElo "1591"]
[Opening "QGD semi-Slav: Stoltz variation"]
[ECO "D45"]
[NIC "SL.08"]
[Time "15:37:19"]
[TimeControl "3600+10"]

1. c4 c6 2. d4 d5 3. Nc3 Nf6 4. Nf3 e6 5. e3 Nbd7 6. Qc2 Bd6 7. Bd3 dxc4 8.
Bxc4 b5 9. Bd3 Bb7 10. O-O O-O 11. a3 a5 12. e4 e5 13. dxe5 Nxe5 14. Nxe5
Bxe5 15. h3 Nh5 16. Be3 Nf4 17. Rfd1 Nxd3 18. Rxd3 Qe7 19. Rad1 Rfd8 20. Bc5
Qf6 21. Qd2 Rxd3 22. Qxd3 h6 23. Qd7 Bc8 24. Qd8+ Qxd8 25. Rxd8+ Kh7 26. Re8
Bxc3 27. bxc3 Bb7 28. Re7 Bc8 29. Rxf7 Kg6 30. Rc7 b4 31. Rxc6+ Kf7 32. cxb4
axb4 33. Bxb4 Ke8 34. f4 Kd7 35. Rg6 {Black resigns} 1-0

[Event "ICC tourney 1955 (60 10)"]
[Site "Internet Chess Club"]
[Date "2020.08.07"]
[Round "2"]
[White "ickyquarter"]
[Black "kabirahmed"]
[Result "1-0"]
[ICCResult "Black resigns"]
[WhiteElo "2125"]
[BlackElo "1872"]
[Opening "Owen defense"]
[ECO "B00"]
[NIC "VO.01"]
[Time "15:37:30"]
[TimeControl "3600+10"]

1. e4 b6 2. d4 Bb7 3. Nc3 e6 4. a3 Nf6 5. e5 Nd5 6. Nxd5 exd5 7. Be3 d6 8.
f4 dxe5 9. fxe5 c5 10. c3 Nc6 11. Nf3 Be7 12. Bd3 O-O 13. O-O Qd7 14. Re1
Nd8 15. Qd2 Ne6 16. Bf2 Qd8 17. Rad1 Ng5 18. Nxg5 Bxg5 19. Qc2 c4 20. Bxh7+
Kh8 21. Bf5 Bc8 22. Bxc8 Qxc8 23. Qe2 Qe6 24. Be3 Qg6 25. Bxg5 Qxg5 26. Qf3
Rad8 27. Rf1 b5 28. Qh3+ Qh6 29. Qg3 f6 30. Rf4 g5 31. Rff1 fxe5 32. Qxe5+
Qg7 33. Rxf8+ Rxf8 34. Qxd5 Qg6 35. Qe5+ Kh7 36. Re1 Qc2 37. Qe7+ Kg8 38.
Qxg5+ Kh8 39. Qe5+ Kg8 40. Qe2 Qb3 41. Qg4+ Kh8 42. Re3 {Black resigns} 1-0

[Event "ICC tourney 1955 (60 10)"]
[Site "Internet Chess Club"]
[Date "2020.08.07"]
[Round "2"]
[White "JunlinTheWorld"]
[Black "Lonestarpawn"]
[Result "1-0"]
[ICCResult "Black resigns"]
[WhiteElo "1723"]
[BlackElo "1826"]
[Opening "Giuoco Piano"]
[ECO "C44"]
[NIC "SO.06"]
[Time "15:46:45"]
[TimeControl "3600+10"]

1. e4 e5 2. Nf3 Nc6 3. d4 exd4 4. Bc4 Bc5 5. c3 Nf6 6. e5 d5 7. Bb5 Ne4 8.
Nxd4 Bd7 9. Bxc6 bxc6 10. O-O Bb6 11. Be3 O-O 12. f3 Nc5 13. Nd2 Nd3 14. f4
c5 15. N4f3 Bf5 16. b3 d4 17. cxd4 cxd4 18. Bf2 Nxf2 19. Rxf2 d3 20. Nc4
Bxf2+ 21. Kxf2 Be4 22. Ncd2 Bb7 23. Kg1 Qd5 24. Rc1 c5 25. Qe1 Rfe8 26. Qe3
Rac8 27. Rc3 Red8 28. h3 Qd7 29. Kh2 Bxf3 30. Qxf3 Qd4 31. Rc4 Qb2 32. Qe3
Qxa2 33. Rc3 Qa5 34. Ne4 Rd4 35. Qxd4 Rd8 36. Qxc5 {Black resigns} 1-0

[Event "ICC tourney 1955 (60 10)"]
[Site "Internet Chess Club"]
[Date "2020.08.07"]
[Round "2"]
[White "WR3311"]
[Black "pangpangba"]
[Result "0-1"]
[ICCResult "White resigns"]
[WhiteElo "1815"]
[BlackElo "1553"]
[Opening "Sicilian: modern Scheveningen"]
[ECO "B58"]
[NIC "SI.22"]
[Time "15:38:19"]
[TimeControl "3600+10"]

1. e4 c5 2. Nf3 d6 3. d4 cxd4 4. Nxd4 Nf6 5. Nc3 Nc6 6. Be2 e6 7. Be3 Be7 8.
Qd2 a6 9. f3 Qc7 10. a3 b5 11. Rd1 Ne5 12. O-O Bb7 13. Kh1 Rc8 14. Rfe1 Nc4
15. Bxc4 Qxc4 16. Qd3 Qxd3 17. Rxd3 Nd7 18. Nde2 Ne5 19. Rdd1 Nc4 20. Bc1
O-O 21. b3 Nb6 22. Be3 Nd7 23. Bf4 Rc6 24. Rd3 Rfc8 25. Red1 Nc5 26. R3d2
Rd8 27. b4 Na4 28. Nxa4 bxa4 29. c3 Kf8 30. Kg1 Ke8 31. Kf2 Kd7 32. Bxd6
Rxd6 33. Rxd6+ Bxd6 34. e5 Kc7 35. exd6+ Rxd6 36. Rxd6 Kxd6 37. Ke3 e5 38.
c4 Bc6 39. Nc3 f5 40. Nd1 h5 41. Nf2 Kc7 42. Nd3 e4 43. Nc5 exf3 44. gxf3
Kb6 45. Ne6 g6 46. Nf8 g5 47. Ne6 g4 48. fxg4 fxg4 49. Kf4 Bd7 50. Nc5 Be8
51. Kg5 a5 52. Nd3 axb4 53. axb4 a3 54. Nc1 Bf7 55. c5+ Kb5 56. Kf6 a2 57.
Nxa2 Bxa2 58. Kg5 Bf7 59. Kh4 Kxb4 60. c6 Be6 61. Kxh5 Kc5 62. Kg5 Kxc6 63.
Kf6 Kd6 {White resigns} 0-1

[Event "ICC tourney 1955 (60 10)"]
[Site "Internet Chess Club"]
[Date "2020.08.07"]
[Round "2"]
[White "rohu333"]
[Black "Rohith-p"]
[Result "0-1"]
[ICCResult "White resigns"]
[WhiteElo "1831"]
[BlackElo "2147"]
[Opening "Sicilian"]
[ECO "B50"]
[NIC "SI.01"]
[Time "15:38:25"]
[TimeControl "3600+10"]

1. e4 c5 2. Nf3 d6 3. d3 Nf6 4. g3 Nc6 5. Bg2 g6 6. Nc3 Bg7 7. O-O e5 8. Nh4
O-O 9. f4 exf4 10. Bxf4 Ng4 11. Bd2 Bd4+ 12. Kh1 Nf2+ 13. Rxf2 Bxf2 14. Bh6
Re8 15. Qf3 Bd4 16. Nd5 Ne5 17. Nf6+ Kh8 18. Qf4 Nxd3 19. Bg7+ Kxg7 20.
Nxe8+ Qxe8 21. cxd3 Bxb2 22. Rf1 Be5 23. Qf3 Qe7 24. g4 {White resigns} 0-1

[Event "ICC tourney 1955 (60 10)"]
[Site "Internet Chess Club"]
[Date "2020.08.07"]
[Round "2"]
[White "whyyoutrysohard"]
[Black "Monkeybomb3605"]
[Result "0-1"]
[ICCResult "White resigns"]
[WhiteElo "1611"]
[BlackElo "1985"]
[Opening "King's Indian: fianchetto, Panno variation"]
[ECO "E63"]
[NIC "KI.71"]
[Time "15:38:17"]
[TimeControl "3600+10"]

1. d4 Nf6 2. c4 g6 3. Nf3 Bg7 4. g3 O-O 5. Bg2 d6 6. O-O Nc6 7. Nc3 a6 8. b3
Bd7 9. Bb2 e5 10. e4 Bg4 11. d5 Nd4 12. h3 Bxf3 13. Bxf3 Nxf3+ 14. Qxf3 Nd7
15. Qe2 f5 16. f3 Qg5 17. Kg2 h5 18. Bc1 Qe7 19. Qe3 f4 20. Qf2 g5 21. g4
hxg4 22. hxg4 Kf7 23. Rh1 Rh8 24. Bd2 Rh4 25. Rxh4 gxh4 26. Rh1 Rh8 27. Rh3
Nf8 28. Be1 Bf6 29. Qa7 b6 30. Qxa6 Nh7 31. Qa3 Ng5 32. Rxh4 Nxf3 33. Rxh8
Nxe1+ 34. Kf1 Bxh8 35. Kxe1 Qh4+ 36. Kd2 Qf2+ 37. Kd3 Qf3+ 38. Kc2 Qxg4 39.
Qa7 Qg2+ 40. Kd3 Qf1+ 41. Kd2 Qf2+ 42. Kd3 Qc5 43. b4 Qd4+ {White resigns}
0-1

[Event "ICC tourney 1955 (60 10)"]
[Site "Internet Chess Club"]
[Date "2020.08.07"]
[Round "2"]
[White "leojiang"]
[Black "HR2005"]
[Result "0-1"]
[ICCResult "White resigns"]
[WhiteElo "1865"]
[BlackElo "2084"]
[Opening "King's Indian: Sämisch, 5...O-O"]
[ECO "E81"]
[NIC "KI.50"]
[Time "15:38:02"]
[TimeControl "3600+10"]

1. d4 Nf6 2. c4 g6 3. f3 Bg7 4. e4 d6 5. Nc3 O-O 6. Bg5 c5 7. d5 Na6 8. Qd2
Nc7 9. Bd3 a6 10. g4 Bd7 11. h4 h5 12. gxh5 Nxh5 13. Nge2 b5 14. Bh6 b4 15.
Nd1 e5 16. Bxg7 Kxg7 17. Nf2 Qf6 18. Qe3 Nf4 19. Nxf4 exf4 20. Qd2 Rae8 21.
O-O-O Rh8 22. h5 Re5 23. hxg6 fxg6 24. Rxh8 Kxh8 25. Rh1+ Rh5 26. Rxh5+ gxh5
27. Bf1 Qh4 28. Nd3 Qh1 29. Qg2 Qh4 30. Kd1 Qg3 31. Qxg3 fxg3 32. Nf4 Be8
33. Bh3 Kg7 34. Ne2 h4 35. e5 dxe5 36. d6 Na8 37. d7 Bxd7 38. Bxd7 Nb6 39.
Be6 Kf6 40. Bg8 Na4 41. Kc2 g2 42. Bd5 h3 43. f4 exf4 44. Kd3 Nxb2+ 45. Ke4
h2 {White resigns} 0-1